 Dungeon Crawl Stone Soup version 0.26.1-11-gd32895ea62 (webtiles) character file.

Game seed: 3873064974731433905

76 Almogavar the Shooter (level 4, 0/34 HPs)
             Began as a Gnoll Wanderer on May 4, 2021.
             Succumbed to a worker ant's poison
             ... on level 2 of the Dungeon.
             The game lasted 00:05:12 (2036 turns).

Almogavar the Shooter (Gnoll Wanderer)              Turns: 2036, Time: 00:05:13

Health: 0/34       AC:  5    Str: 14    XL:     4   Next: 32%
Magic:  2/5        EV: 12    Int: 16    God:
Gold:   69         SH:  0    Dex: 14    Spells: 4/5 levels left

rFire    . . .     SeeInvis .   a - +2 dagger
rCold    . . .     Faith    .   (no shield)
rNeg     . . .     Spirit   .   e - +0 robe
rPois    .         Reflect  .   c - +1 helmet
rElec    .         Harm     .   (no cloak)
rCorr    .         Rampage  .   n - +0 pair of gloves
Will     .....                  (no boots)
Stlth    ++........             (no amulet)
HPRegen  0.11/turn              (no ring)
MPRegen  0.09/turn              (no ring)

@: lethally poisoned (0 -> -21), flying
A: distributed training, fangs 1, strong nose
a: no special abilities


You were on level 2 of the Dungeon.
You visited 1 branch of the dungeon, and saw 2 of its levels.

You collected 69 gold pieces.

Inventory:

Hand Weapons
 a - a +2 dagger (weapon)
 q - a +0 vampiric dagger
Missiles
 h - 28 stones (quivered)
Armour
 c - a +1 helmet (worn)
 e - a +0 robe (worn)
 g - a +0 leather armour
 n - a +0 pair of gloves (worn)
Scrolls
 d - a scroll of enchant weapon {unknown}
 i - 2 scrolls of identify {unknown}
 j - a scroll of teleportation {unknown}
 l - 2 scrolls of enchant armour {unknown}
Potions
 f - a potion of invisibility {unknown}
 k - a potion of flight
 m - a potion of attraction {unknown}
 o - a potion of degeneration {unknown}
 p - a potion of might {unknown}


   Skills:
 + Level 2.7 Fighting
 + Level 1.1 Short Blades
 + Level 1.1 Long Blades
 + Level 1.1 Axes
 + Level 1.1 Maces & Flails
 + Level 1.1 Polearms
 + Level 1.1 Staves
 + Level 1.1 Slings
 + Level 6.6 Bows
 + Level 1.1 Crossbows
 + Level 1.1 Throwing
 + Level 2.7 Armour
 + Level 1.1 Dodging
 + Level 2.5 Stealth
 + Level 2.7 Shields
 + Level 1.1 Unarmed Combat
 + Level 1.1 Spellcasting
 + Level 0.8 Conjurations
 + Level 0.8 Hexes
 + Level 0.8 Summonings
 + Level 0.8 Necromancy
 + Level 0.8 Translocations
 + Level 0.8 Transmutations
 + Level 0.8 Fire Magic
 + Level 0.8 Ice Magic
 + Level 0.8 Air Magic
 + Level 5.4 Earth Magic
 + Level 0.8 Poison Magic
 + Level 1.2 Invocations
 + Level 1.1 Evocations


You had 4 spell levels left.
You knew the following spells:

 Your Spells              Type           Power        Failure   Level
a - Sandblast             Erth           36%          2%          1

Your spell library contained the following spells:

 Spells                   Type           Power        Failure   Level
 Sting                    Tmut/Pois      12%          16%         1
 Stone Arrow              Conj/Erth      22%          19%         3
 Mephitic Cloud           Conj/Pois/Air  3%           43%         3


Dungeon Overview and Level Annotations

Branches:
Dungeon (2/15)

Altars:
Nemelex Xobeh


Innate Abilities, Weirdness & Mutations

Your experience applies equally to all skills.
You have very sharp teeth.
Your uncanny sense of smell can sniff out nearby items.


Message History

You feel sick. The worker ant bites you.
You are more poisoned.
The worker ant poisons you!
You hit the worker ant.
The worker ant is heavily wounded.
You feel sick. The worker ant bites you.
You are more poisoned.
The worker ant poisons you!
You closely miss the worker ant.
The worker ant is heavily wounded.
You feel sick. The worker ant bites you.
* * * LOW HITPOINT WARNING * * *
You hit the worker ant. Your bite misses the worker ant.
The worker ant is heavily wounded.
* * * LOW HITPOINT WARNING * * *
You feel sick. The worker ant bites you.
* * * LOW HITPOINT WARNING * * *
You barely miss the worker ant.
The worker ant is heavily wounded.
You die...

..## #.#.##.# #####
...## #.#.##.# ##..##
#.#.#..# ###..###
#.#.#.## ####...##
#.#.#.#
...###..###.....# ...#
##.......#### ..†#
##..####....#
...##.....# ####@#
..<...###...####B#####.
....#######....Kgg...g..
......†...............#.
...#....................
........................
..................#.#...
........................
.###..†.....###.........


You could see a worker ant, 2 goblins and a kobold.

Vanquished Creatures
  2 adders (D:2)
  3 oozes
  2 dart slugs
  2 leopard geckos
  2 ball pythons (D:2)
  2 bats (D:1)
  2 giant cockroaches
  5 goblins
  4 hobgoblins
  3 jackals (D:2)
  3 kobolds (D:1)
  A quokka (D:2)
  5 frilled lizards (D:1)
  3 rats (D:1)
39 creatures vanquished.

Notes
Turn   | Place    | Note
-------+----------+-------------------------------------------
     0 | D:1      | Almogavar the Gnoll Wanderer began the quest for the Orb.
     0 | D:1      | Almogavar set off with the following items: a +2 dagger, a
                  | potion of heal wounds, a +0 robe; and the following spells
                  | available to memorise: Sandblast, Sting, Stone Arrow,
                  | Mephitic Cloud
     0 | D:1      | Reached XP level 1. HP: 17/17 MP: 1/1
   240 | D:1      | Reached XP level 2. HP: 20/23 MP: 2/2
   242 | D:1      | Learned a level 1 spell: Sandblast
   675 | D:1      | Reached XP level 3. HP: 21/28 MP: 3/3
  1485 | D:2      | Reached skill level 1 in Invocations
  1582 | D:2      | Reached skill level 1 in Short Blades
  1582 | D:2      | Reached skill level 1 in Long Blades
  1582 | D:2      | Reached skill level 1 in Axes
  1582 | D:2      | Reached skill level 1 in Maces & Flails
  1582 | D:2      | Reached skill level 1 in Polearms
  1582 | D:2      | Reached skill level 1 in Staves
  1582 | D:2      | Reached skill level 1 in Slings
  1582 | D:2      | Reached skill level 1 in Crossbows
  1582 | D:2      | Reached skill level 1 in Throwing
  1582 | D:2      | Reached skill level 1 in Dodging
  1582 | D:2      | Reached skill level 1 in Unarmed Combat
  1582 | D:2      | Reached skill level 1 in Spellcasting
  1582 | D:2      | Reached skill level 1 in Evocations
  1803 | D:2      | Reached XP level 4. HP: 27/34 MP: 5/5
  1894 | D:2      | Found a sparkling altar of Nemelex Xobeh.
  2036 | D:2      | Succumbed to a worker ant's poison

Illustrated notes

Levels and vault maps discovered:
D:1:      dpeg_arrival_tiny_b, layout_basic, hex_medium, minmay_ruptured
D:2:      layout_rooms, nemelex_spade_bored_becter

Skill      XL: |  1  2  3 |
---------------+----------+-----
Invocations    | 1 |  1.2
Short Blades   | 1 |  1.1
Long Blades    | 1 |  1.1
Axes           | 1 |  1.1
Maces & Flails | 1 |  1.1
Polearms       | 1 |  1.1
Staves         | 1 |  1.1
Slings         | 1 |  1.1
Crossbows      | 1 |  1.1
Throwing       | 1 |  1.1
Dodging        | 1 |  1.1
Unarmed Combat | 1 |  1.1
Spellcasting   | 1 |  1.1
Evocations     | 1 |  1.1
Fighting       | |  2.7
Bows           | |  6.6
Armour         | |  2.7
Stealth        | |  2.5
Shields        | |  2.7
Conjurations   | |  0.8
Hexes          | |  0.8
Summonings     | |  0.8
Necromancy     | |  0.8
Translocations | |  0.8
Transmutations | |  0.8
Fire Magic     | |  0.8
Ice Magic      | |  0.8
Air Magic      | |  0.8
Earth Magic    | |  5.4
Poison Magic   | |  0.8

Action                   |  1- 3 |  4- 6 || total
-------------------------+-------+-------++-------
Melee: Dagger            |   107 |    15 ||   122
       Bite              |     5 |     2 ||     7
       Punch             |     1 |       ||     1
 Cast: Sandblast         |     5 |     6 ||    11
  Use: Potion            |       |     2 ||     2
 Stab: Sleeping          |     7 |       ||     7
Armor: Robe              |    39 |     4 ||    43
Dodge: Dodged            |    72 |    11 ||    83
